 Dungeon Crawl Stone Soup version 0.22-a0-247-gbddf880 (webtiles) character file.

567 wolfsongas the Quickloader (level 7, -2/56 HPs)
             Began as a Gnoll Hunter on Feb 23, 2018.
             Slain by wolfsongas's ghost (5 damage)
             ... on level 4 of the Dungeon.
             The game lasted 00:05:56 (2993 turns).

wolfsongas the Quickloader (Gnoll Hunter)           Turns: 2993, Time: 00:05:57

Health: -2/56      AC:  3    Str: 16    XL:     7   Next: 33%
Magic:  10/10      EV: 25    Int: 13    God:
Gold:   166        SH:  0    Dex: 21    Spells: 10/10 levels left

rFire    . . .     SeeInvis .   b - +0 short sword
rCold    . . .     Gourm    .   (no shield)
rNeg     . . .     Faith    .   c - +0 leather armour
rPois    .         Spirit   .   (no helmet)
rElec    .         Reflect  .   (no cloak)
rCorr    .         Harm     .   (no gloves)
MR       +....                  (no boots)
Stlth    ++++......             (no amulet)
HPRegen  0.18/turn              j - +4 ring of evasion
MPRegen  0.12/turn              e - ring of protection from magic

@: agile, very slightly contaminated
A: distributed training, fangs 1, strong nose
a: no special abilities


You were on level 4 of the Dungeon.
You were not hungry.

You visited 1 branch of the dungeon, and saw 4 of its levels.

You collected 166 gold pieces.

Inventory:

Hand Weapons
 a - a +1 hand crossbow
 b - a +0 short sword (weapon)
Missiles
 d - 56 bolts
Armour
 c - a +0 leather armour (worn)
 m - a cursed +0 plate armour
Jewellery
 e - a ring of protection from magic (right hand)
 i - an uncursed ring of stealth
 j - a +4 ring of evasion (left hand)
 o - an uncursed ring of fire
Scrolls
 g - a scroll of teleportation
 n - a scroll of identify
 q - a scroll of enchant armour {unknown}
Potions
 k - 2 potions of flight
Comestibles
 f - 9 rations


   Skills:
 + Level 5.2 Fighting
 + Level 2.3 Short Blades
 + Level 2.3 Long Blades
 + Level 2.3 Axes
 + Level 2.3 Maces & Flails
 + Level 2.3 Polearms
 + Level 2.3 Staves
 + Level 2.3 Slings
 + Level 2.3 Bows
 + Level 8.9 Crossbows
 + Level 2.3 Throwing
 + Level 2.3 Armour
 + Level 5.2 Dodging
 + Level 3.4 Stealth
 + Level 2.3 Shields
 + Level 2.3 Unarmed Combat
 + Level 2.3 Spellcasting
 + Level 1.9 Conjurations
 + Level 1.9 Hexes
 + Level 1.9 Charms
 + Level 1.9 Summonings
 + Level 1.9 Necromancy
 + Level 1.9 Translocations
 + Level 1.9 Transmutations
 + Level 1.9 Fire Magic
 + Level 1.9 Ice Magic
 + Level 1.9 Air Magic
 + Level 1.9 Earth Magic
 + Level 1.9 Poison Magic
 + Level 2.6 Invocations
 + Level 2.3 Evocations


You had 10 spell levels left.
You didn't know any spells.

Dungeon Overview and Level Annotations

Branches:
Dungeon (4/15)
 Temple: D:4-7

Altars:
Cheibriados
Xom
Yredelemnul
Zin

Annotations:
D:4 wolfsongas's ghost, amateur GnHu


Innate Abilities, Weirdness & Mutations

Your experience applies equally to all skills.
You have very sharp teeth.
Your uncanny sense of smell can sniff out nearby items.


Message History

Wolfsongas's ghost misses you.
You barely miss wolfsongas's ghost.
Wolfsongas's ghost is moderately damaged.
Wolfsongas's ghost misses you.
You hit wolfsongas's ghost.
Wolfsongas's ghost is moderately damaged.
Wolfsongas's ghost hits you.
* * * LOW HITPOINT WARNING * * *
Wolfsongas's ghost freezes you.
* * * LOW HITPOINT WARNING * * *
You hit wolfsongas's ghost.
Wolfsongas's ghost is heavily damaged.
Wolfsongas's ghost hits you.
* * * LOW HITPOINT WARNING * * *
Wolfsongas's ghost freezes you.
* * * LOW HITPOINT WARNING * * *
You barely miss wolfsongas's ghost.
Wolfsongas's ghost is heavily damaged.
Wolfsongas's ghost hits you.
You die...

#######'##'#####<......#
#..........##...##.#
#..........##.......
#..........###..##.#
#....##.##....#.>.. ..
#.#####.##.##.#.###. #
#........#...........
#..#######......###
#####W@...##
#.....###..#
#._...'.#..#
#.....###.....
#####.....#...
......#... ..(...# .
#.##.#.# #. .#.#


You could see wolfsongas's ghost.

Vanquished Creatures
  A human (D:4)
  Duvessa (D:4)
  An ogre (D:4)
  Dowan (D:4)
  A hound (D:4)
  A worker ant (D:4)
  A gnoll (D:1)
  3 adders
  An ooze (D:2)
  6 worms
  A dart slug (D:1)
  2 leopard geckos (D:1)
  8 orcs (D:3)
  5 bats
  7 giant cockroaches
  10 goblins
  5 hobgoblins
  6 kobolds
  7 frilled lizards
  8 rats
76 creatures vanquished.

Vanquished Creatures (others)
  A goblin skeleton (D:4)
  A goblin zombie (D:4)
2 creatures vanquished.

Grand Total: 78 creatures vanquished

Notes
Turn   | Place    | Note
-------+----------+-------------------------------------------
     0 | D:1      | wolfsongas the Gnoll Hunter began the quest for the Orb.
     0 | D:1      | Reached XP level 1. HP: 20/20 MP: 1/1
    31 | D:1      | Reached XP level 2. HP: 26/26 MP: 2/2
   346 | D:1      | Reached XP level 3. HP: 31/31 MP: 3/3
   446 | D:1      | Reached skill level 1 in Invocations
   837 | D:2      | Reached skill level 1 in Short Blades
   837 | D:2      | Reached skill level 1 in Long Blades
   837 | D:2      | Reached skill level 1 in Axes
   837 | D:2      | Reached skill level 1 in Maces & Flails
   837 | D:2      | Reached skill level 1 in Polearms
   837 | D:2      | Reached skill level 1 in Staves
   837 | D:2      | Reached skill level 1 in Slings
   837 | D:2      | Reached skill level 1 in Bows
   837 | D:2      | Reached skill level 1 in Throwing
   837 | D:2      | Reached skill level 1 in Armour
   837 | D:2      | Reached skill level 1 in Shields
   837 | D:2      | Reached skill level 1 in Unarmed Combat
   837 | D:2      | Reached skill level 1 in Spellcasting
   837 | D:2      | Reached skill level 1 in Evocations
   865 | D:2      | Reached XP level 4. HP: 38/38 MP: 5/5
  1420 | D:2      | Found a faded altar of an unknown god.
  1818 | D:3      | Reached skill level 1 in Conjurations
  1818 | D:3      | Reached skill level 1 in Hexes
  1818 | D:3      | Reached skill level 1 in Charms
  1818 | D:3      | Reached skill level 1 in Summonings
  1818 | D:3      | Reached skill level 1 in Necromancy
  1818 | D:3      | Reached skill level 1 in Translocations
  1818 | D:3      | Reached skill level 1 in Transmutations
  1818 | D:3      | Reached skill level 1 in Fire Magic
  1818 | D:3      | Reached skill level 1 in Ice Magic
  1818 | D:3      | Reached skill level 1 in Air Magic
  1818 | D:3      | Reached skill level 1 in Earth Magic
  1818 | D:3      | Reached skill level 1 in Poison Magic
  1832 | D:3      | Found a snail-covered altar of Cheibriados.
  1834 | D:3      | Found a glowing silver altar of Zin.
  1834 | D:3      | Found a shimmering altar of Xom.
  1837 | D:3      | Found a snail-covered altar of Cheibriados.
  1837 | D:3      | Found an opulent altar of Gozag.
  1837 | D:3      | Found a snail-covered altar of Cheibriados.
  2132 | D:3      | Reached XP level 5. HP: 43/43 MP: 6/6
  2702 | D:4      | Noticed Duvessa
  2702 | D:4      | Noticed Dowan
  2710 | D:4      | Killed Duvessa
  2710 | D:4      | Reached XP level 6. HP: 18/50 MP: 8/8
  2718 | D:4      | Killed Dowan
  2720 | D:4      | Reached skill level 5 in Fighting
  2720 | D:4      | Reached skill level 5 in Dodging
  2914 | D:4      | Found a runed door.
  2914 | D:4      | Noticed a human
  2919 | D:4      | Found a basalt altar of Yredelemnul.
  2944 | D:4      | Noticed wolfsongas's ghost (amateur GnHu)
  2947 | D:4      | Killed a human
  2947 | D:4      | Reached XP level 7. HP: 29/56 MP: 10/10
  2993 | D:4      | Slain by wolfsongas's ghost

Vault maps used:
D:1:      nzn_arrival_settlement, corner_web_ring, nrook_loot_triangle
D:2:      first_ration, chequers_ecumenical_altar_simple_redux
D:3:      doesnt_xom_only_xom, kennysheep_generic_room_15
D:4:      minmay_misc_feat_nine_boxes, hangedman_decor_peaks_small,
          serial_park_tiny_2, dk_yredelemnul_ordeal, uniq_duvessa

Skill      XL: |  1  2  3  4  5  6 |
---------------+-------------------+-----
Invocations    | 1 2 |  2.6
Short Blades   | 1 2 |  2.3
Long Blades    | 1 2 |  2.3
Axes           | 1 2 |  2.3
Maces & Flails | 1 2 |  2.3
Polearms       | 1 2 |  2.3
Staves         | 1 2 |  2.3
Slings         | 1 2 |  2.3
Bows           | 1 2 |  2.3
Throwing       | 1 2 |  2.3
Armour         | 1 2 |  2.3
Shields        | 1 2 |  2.3
Unarmed Combat | 1 2 |  2.3
Spellcasting   | 1 2 |  2.3
Evocations     | 1 2 |  2.3
Conjurations   | 1 |  1.9
Hexes          | 1 |  1.9
Charms         | 1 |  1.9
Summonings     | 1 |  1.9
Necromancy     | 1 |  1.9
Translocations | 1 |  1.9
Transmutations | 1 |  1.9
Fire Magic     | 1 |  1.9
Ice Magic      | 1 |  1.9
Air Magic      | 1 |  1.9
Earth Magic    | 1 |  1.9
Poison Magic   | 1 |  1.9
Stealth        | 3 |  3.4
Fighting       | 5 |  5.2
Dodging        | 5 |  5.2
Crossbows      | |  8.9

Action                   |  1- 3 |  4- 6 |  7- 9 || total
-------------------------+-------+-------+-------++-------
Melee: Short sword       |       |    29 |    28 ||    57
       Bite              |       |     4 |     4 ||     8
 Fire: Hand crossbow     |    63 |    72 |    11 ||   146
  Use: Scroll            |     6 |     2 |       ||     8
       Potion            |       |     2 |     4 ||     6
 Stab: Invisible         |       |       |     1 ||     1
  Eat: Chunk             |       |     6 |       ||     6
Armor: Leather armour    |     1 |     7 |     4 ||    12
Dodge: Dodged            |     2 |    36 |    36 ||    74

Table legend:
 A = Spawn XP
 B = Non-spawn XP
 C = Spawn XP percentage of total XP
 D = Spawn monster count
 E = Non-spawn monster count
 F = Spawn count percentage of total count
 G = Total turns spent on level
                    A         B        C        D         E        F      G
               +---------+---------+-------+---------+---------+-------+---------
         Total |       0 |     811 |   0.0 |       0 |      76 |   0.0 |  2993
               +---------+---------+-------+---------+---------+-------+---------
           D:1 |       0 |      74 |   0.0 |       0 |      34 |   0.0 |   819
           D:2 |       0 |      56 |   0.0 |       0 |      16 |   0.0 |   969
           D:3 |       0 |      72 |   0.0 |       0 |      19 |   0.0 |   887
           D:4 |       0 |     609 |   0.0 |       0 |       7 |   0.0 |   318
               +---------+---------+-------+---------+---------+-------+---------
